 Dungeon Crawl Stone Soup version 0.19.0-2-gae57169 (webtiles) character file.

2809 Goblin1989 the Spear-Bearer (level 9, -1/72 HPs)
             Began as a Minotaur Fighter on Nov 4, 2016.
             Was a Follower of Hepliaklqana.
             Slain by a soul eater (5 damage)
             ... summoned by a kobold demonologist
             ... in a bailey.
             The game lasted 00:16:27 (5216 turns).

Goblin1989 the Spear-Bearer (Minotaur Fighter)      Turns: 5216, Time: 00:16:28

Health: -1/72      AC:  8    Str: 25    XL:     9   Next: 44%
Magic:  8/8        EV: 13    Int:  5    God:    Hepliaklqana [*.....]
Gold:   75         SH: 13    Dex: 16    Spells: 0 memorised, 8 levels left

rFire  . . .     SeeInvis .     a - +0 trident
rCold  . . .     Gourm    .     b - +0 scale mail
rNeg   . . .     Faith    .     c - +1 shield
rPois  .         Spirit   .     (helmet restricted)
rElec  .         Reflect  .     (no cloak)
rCorr  .         Harm     .     (no gloves)
MR     .....                    (no boots)
Stlth  +.........               (no amulet)
                                (no ring)
                                (no ring)

@: agile, drained
A: retaliatory headbutt, reduced essence, horns 2, strong 1, no device heal 1
a: Recall Ancestor, Ancestor Identity, Renounce Religion


You were in a bailey.
You worshipped Hepliaklqana.
Hepliaklqana was aware of your devotion.
You were not hungry.

You visited 2 branches of the dungeon, and saw 8 of its levels.
You also visited: Bailey.

You collected 285 gold pieces.
You spent 210 gold pieces at shops.

Inventory:

Hand Weapons
 a - a +0 trident (weapon)
Missiles
 o - 5 javelins (quivered)
Armour
 b - a +0 scale mail (worn)
 c - a +1 shield (worn)
Jewellery
 g - an uncursed ring of resist corrosion
Wands
 A - a wand of flame (29/48)
 C - a wand of confusion (14/48)
Scrolls
 i - a scroll of recharging
 p - 3 scrolls of random uselessness {unknown}
 r - a scroll of immolation {!r}
 s - 3 scrolls of amnesia {unknown}
 w - 3 scrolls of teleportation {unknown}
 x - a scroll of fear {unknown}
 y - a scroll of enchant weapon {unknown}
 E - a scroll of remove curse {@r2}
 R - 2 scrolls of identify {@r1}
Potions
 e - 2 potions of flight {unknown}
 h - 4 potions of heal wounds {unknown}
 j - a potion of degeneration {unknown}
 k - a potion of berserk rage {unknown}
 u - 3 potions of curing {unknown}
 v - a potion of agility
 z - a potion of resistance {unknown}
Comestibles
 f - 6 bread rations {@e1}
 t - 3 meat rations {@e2}
 B - 2 beef jerkies


   Skills:
 + Level 7.9(7.4) Fighting
 * Level 10.0(9.5) Polearms
 + Level 7.8(7.4) Armour
 + Level 8.1(7.7) Shields


You had 8 spell levels left.
You didn't know any spells.

Dungeon Overview and Level Annotations

Branches:
Dungeon (7/15)             Temple (1/1) D:5

Altars:
Ashenzari
Cheibriados
Dithmenos
Elyvilon
Fedhas
Gozag
Hepliaklqana
Kikubaaqudgha
Makhleb
Nemelex Xobeh
Okawaru
Qazlal
Ru
Sif Muna
Trog
Uskayaw
Vehumet
Xom
Yredelemnul
Zin
The Shining One

Shops:
D:6 *

Annotations:
D:4 exclusion: statue


Innate Abilities, Weirdness & Mutations

You reflexively headbutt those who attack you in melee.
You have a pair of horns on your head.
Your life essence is reduced. (-10% HP)
Your muscles are strong. (Str +2)
Potions and wands are less effective at restoring your health.


Message History

You block the soul eater's attack.
You take 8 damage, and have 26/72 hp.
You puncture the kobold demonologist!
Your headbutt misses the kobold demonologist.
The kobold demonologist is heavily wounded.
You block the ufetubus's attack. x2
The kobold demonologist mumbles some strange words.
The orange demon misses you. The orc warrior closely misses you.
You furiously retaliate!
You headbutt the orc warrior!
The soul eater draws from the surrounding life force!
* * * LOW HITPOINT WARNING * * *
The ufetubus misses you. You block the ufetubus's attack.
You puncture the kobold demonologist!
The kobold demonologist is almost dead.
You block the kobold demonologist's attack.
The orange demon stings you but does no damage.
The soul eater hits you!
* * * LOW HITPOINT WARNING * * *
You feel drained.
You die...

█████∆))█████
▲.....∆..█
▲.....∆..█
█..Ψ..█..████
█.....█.....█
█.....█...8.█
███████.....█
████████58.█
.....4o@...█
......K538.█
..⌂..35o...▲
........█▲██


█████████ ..[ █..[ ████ You could see a soul eater, an orange demon, a kobold
demonologist, a smoke demon, an orc warrior, a quasit, an orc and 2 ufetubi.

Vanquished Creatures
  A kobold demonologist (Bailey)
  The ghost of Monkfish the Cutter, a novice KoBe of Trog (D:4)
  Grinder (D:4)
  The ghost of Shufflesack the Insei, an amateur OpTm of Hepliaklqana (D:3)
  An ice beast (D:7)
  3 orc warriors (Bailey)
  A black bear (D:6)
  2 sky beasts (D:5)
  2 ogres
  2 phantoms (D:4)
  A centaur (D:7)
  A bullfrog (D:6)
  A scorpion (D:6)
  3 wights (D:6)
  A howler monkey (D:5)
  2 crimson imps
  A bullfrog zombie (D:6)
  An orc priest (D:5)
  A bullfrog skeleton (D:4)
  A hound (D:6)
  3 orc wizards
  3 worker ants (D:4)
  A hound zombie (D:6)
  Robin (D:4)
  A gnoll (Bailey)
  2 adders
  A shadow imp (D:6)
  3 worms
  2 dart slugs
  3 leopard geckos
  10 orcs
  5 giant cockroaches
  12 goblins
  7 hobgoblins
  9 jackals
  5 quokkas
  2 ball pythons
  10 bats
  8 frilled lizards
  2 gnoll zombies (D:3)
  8 kobolds
  9 rats
135 creatures vanquished.

Vanquished Creatures (collateral kills)
  An ogre (D:5)
  An electric eel (Bailey)
  A worker ant zombie (D:6)
  An orc (Bailey)
  A quokka zombie (D:7)
5 creatures vanquished.

Vanquished Creatures (others)
  2 ancestors (Bailey)
2 creatures vanquished.

Grand Total: 142 creatures vanquished

Notes
Turn   | Place    | Note
-------+----------+-------------------------------------------
     0 | D:1      | Goblin1989 the Minotaur Fighter began the quest for the Orb.
     0 | D:1      | Reached XP level 1. HP: 19/19 MP: 0/0
   101 | D:1      | Reached XP level 2. HP: 27/27 MP: 1/1
   622 | D:1      | Reached XP level 3. HP: 27/33 MP: 2/2
   822 | D:2      | Reached skill level 3 in Polearms
  1472 | D:3      | Found a basalt altar of Yredelemnul.
  1630 | D:3      | Reached XP level 4. HP: 40/40 MP: 3/3
  1656 | D:3      | Found an iron altar of Okawaru.
  1658 | D:3      | Found a hide-covered altar of Uskayaw.
  1658 | D:3      | Found a glowing golden altar of the Shining One.
  1659 | D:3      | Found a stormy altar of Qazlal.
  1660 | D:3      | Found a sparkling altar of Nemelex Xobeh.
  1660 | D:3      | Found a bloodstained altar of Trog.
  1719 | D:3      | Noticed Shufflesack's ghost (amateur OpTm)
  1733 | D:3      | Killed Shufflesack's ghost
  1733 | D:3      | Reached skill level 4 in Polearms
  1733 | D:3      | Reached XP level 5. HP: 27/47 MP: 4/4
  2003 | D:4      | Reached skill level 5 in Shields
  2070 | D:4      | Noticed Robin
  2082 | D:4      | Killed Robin
  2082 | D:4      | Reached skill level 5 in Armour
  2182 | D:4      | Noticed Monkfish's ghost (novice KoBe)
  2202 | D:4      | Killed Monkfish's ghost
  2202 | D:4      | Reached skill level 5 in Fighting
  2202 | D:4      | Reached skill level 5 in Polearms
  2202 | D:4      | Reached XP level 6. HP: 26/56 MP: 5/5
  2378 | D:4      | Found a radiant altar of Vehumet.
  2423 | D:4      | Noticed Grinder
  2434 | D:4      | Paralysed by Grinder for 6 turns
  2440 | D:4      | Killed Grinder
  2440 | D:4      | Reached skill level 6 in Polearms
  2440 | D:4      | Reached XP level 7. HP: 55/61 MP: 6/6
  2948 | D:5      | Entered Level 5 of the Dungeon
  2948 | D:5      | Found a staircase to the Ecumenical Temple.
  2954 | D:5      | Reached skill level 7 in Polearms
  2960 | Temple   | Entered the Ecumenical Temple
  3149 | Temple   | Became a worshipper of Hepliaklqana the Forgotten
  3176 | D:5      | Reached XP level 8. HP: 40/63 MP: 7/7
  3245 | D:5      | Gained mutation: Your muscles are strong. (Str +2) [mutagenic meat]
  3246 | D:5      | Gained mutation: You tend to lose your temper in combat. [mutagenic meat]
  3247 | D:5      | Lost mutation: You tend to lose your temper in combat. [mutagenic meat]
  3248 | D:5      | Gained mutation: Potions and wands are less effective at restoring your health. [mutagenic meat]
  3461 | D:5      | Reached skill level 8 in Polearms
  3589 | D:6      | Reached * piety under Hepliaklqana
  4011 | D:6      | Found Ikigeta's Assorted Antiques.
  4018 | D:6      | Bought a brass ring for 150 gold pieces
  4018 | D:6      | Bought a scroll labeled JYRAS LIMOPU for 30 gold pieces
  4018 | D:6      | Bought a scroll labeled IBIATI GYUTIO for 30 gold pieces
  4290 | D:6      | Reached skill level 9 in Polearms
  4296 | D:6      | Reached XP level 9. HP: 30/71 MP: 8/8
  4463 | D:7      | Found a flagged portal.
  4488 | Bailey   | Entered a bailey
  5193 | Bailey   | Found an iron altar of Okawaru.
  5193 | Bailey   | Noticed a kobold demonologist
  5193 | Bailey   | Noticed a kobold demonologist
  5201 | Bailey   | Noticed an orange demon
  5201 | Bailey   | Noticed a red devil
  5207 | Bailey   | Noticed a soul eater
  5208 | Bailey   | Killed a kobold demonologist
  5208 | Bailey   | Reached skill level 10 in Polearms
  5215 | Bailey   | Noticed a smoke demon
  5216 | Bailey   | Slain by a soul eater

Skill      XL: |  1  2  3  4  5  6  7  8  9 |
---------------+----------------------------+-----
Shields        | 4 5 6 7 8 |  8.1
Armour         | 4 5 6 7 |  7.8
Fighting       | 4 5 6 7 |  7.9
Polearms       | 3 4 5 6 7 9 10 | 10.0

Action                   |  1- 3 |  4- 6 |  7- 9 || total
-------------------------+-------+-------+-------++-------
Melee: Trident           |   159 |    92 |   276 ||   527
       Headbutt          |    13 |    11 |    36 ||    60
Invok: Recall Ancestor   |       |       |     1 ||     1
  Use: Potion            |       |     1 |     1 ||     2
       Scroll            |       |       |     7 ||     7
 Stab: Distracted        |       |       |     1 ||     1
  Eat: Chunk             |     2 |     3 |    10 ||    15
       Pizza             |       |       |     1 ||     1
       Royal jelly       |       |       |     1 ||     1
Armor: Scale mail        |    54 |    24 |    59 ||   137
Dodge: Dodged            |    40 |    18 |    62 ||   120
Block: Shield            |    80 |    45 |   126 ||   251

Vault maps used:
D:1:      lemuel_arrival_behind_the_door_small, kennysheep_boxes
D:3:      grunt_temple_overflow_open, lemuel_zombie_altar_yredelemnul,
          grunt_ministairs_13
D:4:      vehumet_statue, uniq_grinder, uniq_robin
D:5:      cheibrodos_two_vegetables, first_bread
D:6:      serial_shops, shop
D:7:      kennysheep_seaside_town, enter_bailey_2, the_bakery
Temple:   nicolae_temple_figure_eight
Bailey:   bailey_axe_of_yendor_kennysheep, bailey
